Map: Jagannatha LE

Players

TeebuL

  • Race: Protoss Protoss

Demi - Winner!

  • Race: Zerg Zerg

Event: DreamHack SC2 Masters 2021 Winter

VOD

Have the link to the VOD?

Description

Time

  • Played on: Oct. 1, 2021, 4:34 a.m.
  • Length: 11:40

All games in this series

Show
View Real Time Build Order
Export as new Build Order

TeebuL Protoss 

Build Orders: Carriers 

Get SALT Encoding   

  12  0:00  Probe  
  13  0:12  Probe  
  14  0:19  Pylon  
  14  0:24  Probe  
  15  0:37  Probe (Chrono Boost)  
  15  0:39  Gateway  
  16  0:46  Probe (Chrono Boost)  
  16  0:49  Assimilator  
  17  0:51  Probe  
  18  1:03  Probe  
  19  1:15  Probe  
  20  1:23  Gateway  
  20  1:27  Cybernetics Core  
  20  1:28  Pylon  
  20  1:32  Zealot  
  22  1:35  Probe  
  23  1:48  Probe  
  24  2:00  Adept (Chrono Boost)  
  26  2:11  Nexus  
  26  2:16  Probe  
  26  2:18  Warp Gate  
  27  2:26  Assimilator  
  27  2:28  Probe  
  28  2:32  Pylon  
  28  2:40  Probe  
  29  2:52  Stargate, Probe (Chrono Boost)  
  30  3:04  Probe (Chrono Boost)  
  30  3:05  Adept  
  35  3:10  Probe (Chrono Boost)  
  37  3:20  Probe (Chrono Boost)  
  37  3:24  Probe (Chrono Boost)  
  36  3:29  Void Ray  
  36  3:31  Probe (Chrono Boost)  
  38  3:34  Probe (Chrono Boost)  
  38  3:37  Probe (Chrono Boost)  
  38  3:40  Probe (Chrono Boost)  
  44  3:45  Probe  
  45  3:50  Probe  
  46  3:57  Probe  
  46  4:02  Pylon, Nexus, Probe  
  48  4:09  Probe, Oracle (Chrono Boost)  
  49  4:14  Probe  
  49  4:15  Assimilator  
  53  4:17  Assimilator  
  53  4:21  Probe  
  54  4:28  Adept  
  54  4:29  Adept  
  54  4:30  Probe  
  57  4:33  Probe  
  57  4:34  Pylon  
  57  4:37  Protoss Air Weapons Level 1  
  58  4:45  Pylon  
  58  4:53  Stargate, Probe  
  58  4:56  Probe  
  60  5:04  Forge  
  60  5:05  Probe  
  61  5:08  Probe (Chrono Boost)  
  62  5:14  Void Ray (Chrono Boost)  
  62  5:15  Probe (Chrono Boost)  
  62  5:20  Probe (Chrono Boost)  
  69  5:23  Pylon, Probe (Chrono Boost)  
  69  5:26  Probe (Chrono Boost)  
  69  5:27  Probe (Chrono Boost)  
  71  5:30  Probe x2 (Chrono Boost)  
  71  5:34  Shield Battery, Void Ray (Chrono Boost), Probe  
  73  5:41  Probe x2  
  76  5:46  Robotics Facility, Probe  
  76  5:49  Shield Battery  
  81  5:51  Void Ray (Chrono Boost)  
  81  5:53  Probe x2  
  81  5:56  Adept  
  85  5:58  Probe  
  85  5:59  Assimilator  
  85  6:01  Assimilator, Void Ray (Chrono Boost)  
  85  6:05  Probe x2  
  85  6:10  Probe  
  92  6:17  Probe  
  93  6:22  Pylon  
  93  6:23  Pylon  
  93  6:24  Pylon x2  
  93  6:27  Pylon  
  93  6:34  Void Ray (Chrono Boost), Stargate  
  93  6:39  Pylon  
  100  6:40  Observer, Probe x3  
  100  6:41  Robotics Bay  
  100  6:44  Void Ray (Chrono Boost)  
  101  6:52  Probe x2  
  101  6:54  Probe  
  108  6:59  Photon Cannon  
  108  7:01  Photon Cannon  
  108  7:04  Probe x2  
  108  7:06  Probe  
  111  7:10  Photon Cannon  
  111  7:13  Photon Cannon  
  111  7:14  Photon Cannon  
  111  7:16  Probe x2  
  113  7:27  Fleet Beacon  
  113  7:31  Disruptor (Chrono Boost)  
  113  7:34  Shield Battery  
  116  7:37  Shield Battery  
  116  7:38  Shield Battery  
  116  7:46  Pylon  
  116  7:48  Pylon  
  116  7:54  Photon Cannon  
  116  8:01  Observer  
  117  8:06  Shield Battery  
  117  8:12  Carrier (Chrono Boost)  
  117  8:19  Pylon, Nexus  
  135  8:22  Carrier (Chrono Boost)  
  135  8:24  Disruptor (Chrono Boost)  
  135  8:28  Carrier (Chrono Boost)  
  138  8:40  Pylon  
  138  8:42  Photon Cannon  
  138  8:43  Protoss Air Weapons Level 2 (Chrono Boost)  
  138  8:51  Zealot x2  
  138  8:54  Disruptor  
  145  8:57  Photon Cannon  
  145  8:58  Shield Battery  
  145  8:59  Photon Cannon  
  145  9:01  Photon Cannon  
  145  9:07  Photon Cannon  
  145  9:08  Photon Cannon  
  145  9:09  Photon Cannon  
  145  9:12  Photon Cannon  
  144  9:22  Probe  
  144  9:23  Carrier (Chrono Boost)  
  123  9:34  Probe, Phoenix x2 (Chrono Boost)  
  120  9:43  Probe  
  120  9:44  Probe  
  122  9:51  Shield Battery, Photon Cannon  
  122  9:56  Phoenix (Chrono Boost)  
  122  9:59  Zealot x2  
  128  10:06  Carrier (Chrono Boost)  
  128  10:08  Photon Cannon  
  128  10:10  Nexus  
  128  10:12  Pylon  
  134  10:27  Assimilator  
  134  10:28  Carrier (Chrono Boost)  
  145  10:30  Photon Cannon  
  141  10:38  Photon Cannon  
  141  10:39  Stalker x2  
  141  10:41  Photon Cannon  
  145  10:43  Shield Battery  
  145  10:44  Twilight Council  
  137  11:11  Stalker x2  
Show
View Real Time Build Order
Export as new Build Order

Demi Zerg - Winner!

Build Orders: Pool First 

Get SALT Encoding   

  12  0:00  Drone  
  13  0:12  Overlord  
  13  0:18  Drone  
  14  0:30  Drone  
  14  0:31  Drone  
  16  0:40  Spawning Pool  
  15  0:44  Drone  
  15  0:48  Drone  
  17  1:09  Hatchery  
  16  1:13  Drone  
  17  1:19  Drone  
  17  1:24  Extractor  
  17  1:28  Zergling x2  
  17  1:29  Queen  
  20  1:33  Drone  
  21  1:41  Overlord  
  21  1:51  Drone  
  22  2:01  Drone  
  23  2:05  Queen  
  25  2:18  Zergling x2  
  25  2:21  Queen  
  28  2:28  Metabolic Boost  
  28  2:30  Zergling x2  
  28  2:35  Drone x2  
  31  2:40  Drone x2  
  33  2:49  Hatchery  
  32  2:53  Overlord  
  32  2:56  Drone  
  33  3:00  Drone  
  33  3:03  Drone  
  35  3:07  Drone  
  36  3:13  Drone x2  
  36  3:14  Drone  
  36  3:19  Drone  
  40  3:21  Queen  
  40  3:24  Overlord  
  42  3:30  Zergling x2  
  42  3:31  Drone  
  44  3:37  Overlord  
  44  3:44  Zergling x6  
  44  3:48  Drone x2  
  49  3:50  Overlord x2  
  49  3:54  Drone x2  
  51  3:57  Drone  
  51  4:00  Queen  
  54  4:06  Queen  
  56  4:11  Drone x3  
  56  4:15  Overlord  
  59  4:17  Drone x3  
  59  4:21  Spore Crawler  
  61  4:26  Drone x3  
  63  4:34  Drone x5  
  65  4:42  Queen  
  65  4:45  Zergling x6  
  68  4:49  Lair  
  68  4:53  Roach Warren  
  68  4:56  Overlord x2  
  67  5:06  Drone x3  
  69  5:08  Zergling x4  
  69  5:09  Zergling x2  
  69  5:13  Drone x5  
  76  5:16  Extractor  
  76  5:18  Extractor  
  74  5:22  Drone  
  74  5:23  Drone x3  
  74  5:27  Drone x3  
  74  5:28  Drone  
  81  5:40  Extractor, Drone x3  
  81  5:44  Extractor  
  81  5:45  Overlord, Extractor  
  81  5:46  Overlord  
  81  5:48  Glial Reconstitution  
  79  5:50  Evolution Chamber, Roach  
  79  5:51  Roach x3  
  86  6:05  Drone  
  86  6:06  Drone x6  
  86  6:10  Overlord, Drone  
  94  6:14  Drone  
  95  6:20  Queen  
  97  6:26  Hatchery, Drone x3  
  97  6:30  Spore Crawler  
  97  6:31  Spire  
  96  6:34  Drone x2  
  96  6:35  Drone  
  96  6:39  Drone x3  
  103  6:40  Overlord x2, Drone  
  103  6:45  Queen  
  103  6:46  Queen  
  107  6:48  Zerg Missile Weapons Level 1  
  107  6:53  Overlord x3  
  107  7:04  Queen  
  107  7:07  Spore Crawler  
  108  7:09  Drone  
  108  7:10  Spore Crawler, Drone x3  
  108  7:11  Drone x4  
  108  7:12  Drone  
  108  7:13  Overlord  
  116  7:19  Drone x2  
  117  7:23  Queen  
  119  7:31  Queen  
  119  7:33  Extractor x2  
  119  7:35  Spore Crawler  
  118  7:43  Overlord x3  
  117  7:50  Zerg Flyer Weapons Level 1  
  117  8:01  Mutalisk x13  
  117  8:02  Mutalisk  
  144  8:07  Queen  
  146  8:13  Mutalisk x2  
  146  8:17  Overlord x2  
  150  8:33  Zergling x2, Roach x8  
  166  8:37  Queen  
  167  8:47  Overlord  
  167  8:48  Roach x3  
  171  8:49  Zergling x8, Roach x2  
  181  8:58  Hatchery  
  149  9:34  Mutalisk x6  
  149  9:35  Mutalisk x7  
  167  9:51  Drone  
  166  10:04  Mutalisk x10  
  186  10:12  Extractor  
  185  10:15  Extractor  
  185  10:18  Drone x4  
  185  10:20  Spore Crawler  
  185  10:21  Spore Crawler  
  186  10:23  Spore Crawler  
  185  10:34  Corruptor x6  
  197  10:43  Infestation Pit  
  190  11:07  Corruptor x3  
  190  11:08  Corruptor x4  

Tags
 
Add a new tag
Caveats
  • Supply blocks, unpowered buildings, or Contaminate may cause inaccurate times.
  • Supply counts are checked every 10 seconds.